| TOP OF THE 1ST |
|
Oakland Oaks batting - Pitching for Amarillo ThunderHeads : RHP Chris Marrone
|
|
Pitching: RHP Chris Marrone
|
|
|
Batting: SHB Steve McGee
|
0-0: Foul Ball, location: 2F 0-1: Ball 1-1: Ball 2-1: Ball 3-1: Called Strike 3-2: Strikes out swinging
|
|
Batting: LHB Chris Davidson
|
0-0: Called Strike 0-1: Hit by Pitch
|
|
Batting: LHB Justin LeFlore
|
0-0: Swinging Strike 0-1: Ball Chris Davidson steals 2nd base 1-1: Swinging Strike 1-2: Ball 2-2: Ball 3-2: Strikes out swinging
|
|
Batting: SHB Chris King
|
0-0: Called Strike 0-1: Foul Ball, location: 2F 0-2: Ground out 4-3 (Groundball, 34D, EV 106.2 MPH)
|
| Top of the 1st over - 0 runs, 0 hits, 0 errors, 1 left on base; Oakland 0 - Amarillo 0 |
| BOTTOM OF THE 1ST |
|
Amarillo ThunderHeads batting - Pitching for Oakland Oaks : LHP Elias Pena
|
|
Pitching: LHP Elias Pena
|
|
|
Batting: LHB Tony Cisneros
|
0-0: Called Strike 0-1: Called Strike 0-2: Strikes out swinging
|
|
Batting: LHB Mike Gruszewski
|
0-0: Called Strike 0-1: Fly out, F6 (Popup, 15S, EV 87.5 MPH)
|
|
Batting: RHB Eric Camillo
|
0-0: SINGLE (Line Drive, 4D, EV 105.0 MPH)
|
|
Batting: LHB Thie Hofmann
|
0-0: Swinging Strike 0-1: Ball 1-1: Called Strike 1-2: Ball 2-2: Strikes out swinging
|
| Bottom of the 1st over - 0 runs, 1 hit, 0 errors, 1 left on base; Oakland 0 - Amarillo 0 |
| TOP OF THE 2ND |
|
Oakland Oaks batting - Pitching for Amarillo ThunderHeads : RHP Chris Marrone
|
|
Batting: RHB Moises Guzman
|
0-0: Ball 1-0: Fly out, F7 (Line Drive, 7LM, EV 101.9 MPH)
|
|
Batting: RHB Mario Medina
|
0-0: Ball 1-0: Foul Ball, location: 2F 1-1: Called Strike 1-2: Foul Ball, location: 2F 1-2: Ball 2-2: Ball 3-2: Strikes out looking
|
|
Batting: RHB Ernie McLean
|
0-0: Ball 1-0: Ball 2-0: Fly out, F4 (Popup, 4, EV 76.2 MPH)
|
| Top of the 2nd over - 0 runs, 0 hits, 0 errors, 0 left on base; Oakland 0 - Amarillo 0 |
| BOTTOM OF THE 2ND |
|
Amarillo ThunderHeads batting - Pitching for Oakland Oaks : LHP Elias Pena
|
|
Batting: RHB Shi-fu Cuan
|
0-0: Ball 1-0: Ball 2-0: Ball 3-0: Called Strike 3-1: SINGLE (Groundball, 4D, EV 95.0 MPH)
|
|
Batting: RHB Jorge Balderama
|
0-0: Ball 1-0: Swinging Strike 1-1: Ball 2-1: Called Strike 2-2: Strikes out swinging
|
|
Batting: RHB Jerry Olson
|
0-0: Ball 1-0: Ball 2-0: Ball 3-0: Called Strike 3-1: Fly out, F8 (Line Drive, 89M, EV 106.2 MPH)
|
|
Batting: RHB Eddie Vanderjagt
|
0-0: Ball 1-0: Fly out, F7 (Flyball, 7S, EV 89.4 MPH)
|
| Bottom of the 2nd over - 0 runs, 1 hit, 0 errors, 1 left on base; Oakland 0 - Amarillo 0 |
| TOP OF THE 3RD |
|
Oakland Oaks batting - Pitching for Amarillo ThunderHeads : RHP Chris Marrone
|
|
Batting: RHB Jack Stadner
|
0-0: Ball 1-0: Called Strike 1-1: SINGLE (Groundball, 6MD, EV 95.6 MPH)
|
|
Batting: RHB Matt Nehman
|
0-0: Ball 1-0: Called Strike 1-1: Ball 2-1: Fly out, F9 (Flyball, 89S, EV 89.4 MPH)
|
|
Batting: SHB Steve McGee
|
0-0: Ball 1-0: Fly out, F7 (Flyball, 7D, EV 88.1 MPH)
|
|
Batting: LHB Chris Davidson
|
0-0: Ball 1-0: Ground out 4-3 (Groundball, 4, EV 91.2 MPH)
|
| Top of the 3rd over - 0 runs, 1 hit, 0 errors, 1 left on base; Oakland 0 - Amarillo 0 |
| BOTTOM OF THE 3RD |
|
Amarillo ThunderHeads batting - Pitching for Oakland Oaks : LHP Elias Pena
|
|
Batting: RHB Dennis Underwood
|
0-0: Ground out 6-3 (Groundball, 6S, EV 71.9 MPH)
|
|
Batting: LHB Tony Cisneros
|
0-0: Called Strike 0-1: SINGLE (Groundball, 56D, EV 100.0 MPH)
|
|
Batting: LHB Mike Gruszewski
|
0-0: Ball 1-0: Ball 2-0: Grounds into double play, 4-6-3 (Groundball, 34D, EV 90.6 MPH)
|
| Bottom of the 3rd over - 0 runs, 1 hit, 0 errors, 0 left on base; Oakland 0 - Amarillo 0 |
| TOP OF THE 4TH |
|
Oakland Oaks batting - Pitching for Amarillo ThunderHeads : RHP Chris Marrone
|
|
Batting: LHB Justin LeFlore
|
0-0: Swinging Strike 0-1: Fly out, F8 (Flyball, 8RD, EV 109.4 MPH)
|
|
Batting: SHB Chris King
|
0-0: Ball 1-0: Called Strike 1-1: Foul Ball, location: 2F 1-2: Ball 2-2: Ball 3-2: Foul Ball, location: 2F 3-2: Strikes out swinging
|
|
Batting: RHB Moises Guzman
|
0-0: Ball 1-0: Ball 2-0: Called Strike 2-1: Swinging Strike 2-2: Strikes out swinging
|
| Top of the 4th over - 0 runs, 0 hits, 0 errors, 0 left on base; Oakland 0 - Amarillo 0 |
| BOTTOM OF THE 4TH |
|
Amarillo ThunderHeads batting - Pitching for Oakland Oaks : LHP Elias Pena
|
|
Batting: RHB Eric Camillo
|
0-0: Ball 1-0: Ball 2-0: Ball 3-0: Foul Ball, location: 2F 3-1: Called Strike 3-2: Base on Balls
|
|
Batting: LHB Thie Hofmann
|
0-0: Ball 1-0: Foul Ball, location: 2F 1-1: Foul Ball, location: 2F 1-2: Strikes out looking
|
|
Batting: RHB Shi-fu Cuan
|
0-0: Grounds into double play, 6-4-3 (Groundball, 6S, EV 90.0 MPH)
|
| Bottom of the 4th over - 0 runs, 0 hits, 0 errors, 0 left on base; Oakland 0 - Amarillo 0 |
| TOP OF THE 5TH |
|
Oakland Oaks batting - Pitching for Amarillo ThunderHeads : RHP Chris Marrone
|
|
Batting: RHB Mario Medina
|
0-0: Called Strike 0-1: Called Strike 0-2: Foul Ball, location: 2F 0-2: Foul Ball, location: 2F 0-2: Foul Ball, location: 2F 0-2: Strikes out swinging
|
|
Batting: RHB Ernie McLean
|
0-0: Ball 1-0: Swinging Strike 1-1: Foul Ball, location: 2F 1-2: Ball 2-2: Ball 3-2: Strikes out swinging
|
|
Batting: RHB Jack Stadner
|
0-0: Ball 1-0: Called Strike 1-1: Ground out 6-3 (Groundball, 6, EV 94.4 MPH)
|
| Top of the 5th over - 0 runs, 0 hits, 0 errors, 0 left on base; Oakland 0 - Amarillo 0 |
| BOTTOM OF THE 5TH |
|
Amarillo ThunderHeads batting - Pitching for Oakland Oaks : LHP Elias Pena
|
|
Batting: RHB Jorge Balderama
|
0-0: Ball 1-0: TRIPLE (Flyball, 8RXD, EV 91.9 MPH)
|
|
Batting: RHB Jerry Olson
|
0-0: Ball 1-0: Ball 2-0: Ball 3-0: Base on Balls
|
|
Batting: RHB Eddie Vanderjagt
|
0-0: Swinging Strike 0-1: Foul Ball, location: 2F 0-2: SINGLE (Flyball, 6D, EV 88.1 MPH) Jorge Balderama scores Jerry Olson to second
|
|
Batting: RHB Dennis Underwood
|
0-0: Ball 1-0: Swinging Strike 1-1: Ball 2-1: Ball 3-1: Base on Balls Jerry Olson to third Eddie Vanderjagt to second
|
|
Batting: LHB Tony Cisneros
|
0-0: Ball 1-0: Called Strike 1-1: Foul Ball, location: 2F 1-2: Ball 2-2: Ball 3-2: Grounds into fielders choice 3-2 (Groundball, 3, EV 94.4 MPH) Eddie Vanderjagt to third Dennis Underwood to second
|
|
Batting: LHB Mike Gruszewski
|
0-0: Called Strike 0-1: Called Strike 0-2: Grounds into fielders choice 6-2 (Groundball, 6M, EV 89.4 MPH) Dennis Underwood to third Tony Cisneros to second
|
|
Batting: RHB Eric Camillo
|
0-0: Called Strike 0-1: Foul Ball, location: 2F 0-2: Strikes out swinging
|
| Bottom of the 5th over - 1 run, 2 hits, 0 errors, 3 left on base; Oakland 0 - Amarillo 1 |
| TOP OF THE 6TH |
|
Oakland Oaks batting - Pitching for Amarillo ThunderHeads : RHP Chris Marrone
|
|
Pinch Hitting: LHB Brian Canny
|
0-0: Called Strike 0-1: Ball 1-1: Foul Ball, location: 2F 1-2: Ball 2-2: Strikes out looking
|
|
Batting: SHB Steve McGee
|
0-0: Called Strike 0-1: Foul Ball, location: 2F 0-2: Foul Ball, location: 2F 0-2: Ball 1-2: Ball 2-2: Strikes out swinging
|
|
Batting: LHB Chris Davidson
|
0-0: Ball 1-0: Ground out 4-3 (Groundball, 4, EV 91.9 MPH)
|
| Top of the 6th over - 0 runs, 0 hits, 0 errors, 0 left on base; Oakland 0 - Amarillo 1 |
| BOTTOM OF THE 6TH |
|
Amarillo ThunderHeads batting - Pitching for Oakland Oaks : LHP Elias Pena
|
|
Now at 1B: Justin Conley
|
|
|
Batting: LHB Thie Hofmann
|
0-0: Swinging Strike 0-1: SINGLE (Flyball, 89S, EV 98.8 MPH)
|
|
Batting: RHB Shi-fu Cuan
|
0-0: Ball 1-0: Called Strike 1-1: Fly out, F8 (Flyball, 89D, EV 90.6 MPH)
|
|
Batting: RHB Jorge Balderama
|
0-0: Called Strike 0-1: Ball Wild Pitch! Thie Hofmann to second 1-1: Foul Ball, location: 2F 1-2: Ground out 4-3 (Groundball, 4M, EV 86.9 MPH) Thie Hofmann to third
|
|
Batting: RHB Jerry Olson
|
0-0: SINGLE (Groundball, 56, EV 85.0 MPH) (infield hit) Thie Hofmann scores
|
|
Batting: RHB Eddie Vanderjagt
|
0-0: Fly out, F8 (Flyball, 8LD, EV 105.0 MPH)
|
| Bottom of the 6th over - 1 run, 2 hits, 0 errors, 1 left on base; Oakland 0 - Amarillo 2 |
| TOP OF THE 7TH |
|
Oakland Oaks batting - Pitching for Amarillo ThunderHeads : RHP Chris Marrone
|
|
Pitching: LHP Ruben Lopez
|
|
|
Batting: LHB Justin LeFlore
|
0-0: DOUBLE (Groundball, 3L, EV 103.1 MPH)
|
|
Pitching: RHP Trent Murdock
|
|
|
Batting: SHB Chris King
|
0-0: Ball 1-0: Swinging Strike 1-1: Foul Ball, location: 2F 1-2: Foul Ball, location: 2F 1-2: DOUBLE (Flyball, 8RXD, EV 88.8 MPH) Justin LeFlore scores
|
|
Batting: RHB Moises Guzman
|
0-0: Called Strike 0-1: Ball 1-1: Foul Ball, location: 2F 1-2: Ball 2-2: Ball 3-2: Foul Ball, location: 2F 3-2: Base on Balls
|
|
Batting: RHB Mario Medina
|
0-0: Foul Ball, location: 2F 0-1: Ball 1-1: Foul Ball, location: 2F 1-2: Ball 2-2: SINGLE (Line Drive, 8LS, EV 93.1 MPH) Chris King to third Moises Guzman to second
|
|
Batting: RHB Ernie McLean
|
0-0: SINGLE (Flyball, 9S, EV 90.6 MPH) Chris King scores Moises Guzman to third Mario Medina to second
|
|
Batting: RHB Jack Stadner
|
0-0: Ball 1-0: Foul Ball, location: 2F 1-1: Called Strike 1-2: Foul Ball, location: 2F 1-2: Ball 2-2: Strikes out swinging
|
|
Batting: LHB Justin Conley
|
0-0: Foul Ball, location: 2F 0-1: Ball Wild Pitch! Moises Guzman scores Mario Medina to third Ernie McLean to second 1-1: Intentional Walk
|
|
Batting: SHB Steve McGee
|
0-0: Ball 1-0: Called Strike 1-1: Ball 2-1: Swinging Strike 2-2: Strikes out swinging
|
|
Batting: LHB Chris Davidson
|
0-0: Ball 1-0: Called Strike 1-1: Swinging Strike 1-2: Ball 2-2: Strikes out swinging
|
| Top of the 7th over - 3 runs, 4 hits, 0 errors, 3 left on base; Oakland 3 - Amarillo 2 |
| BOTTOM OF THE 7TH |
|
Amarillo ThunderHeads batting - Pitching for Oakland Oaks : LHP Elias Pena
|
|
Batting: RHB Dennis Underwood
|
0-0: Foul Ball, location: 2F 0-1: Swinging Strike 0-2: Ball 1-2: Fly out, F8 (Flyball, 89M, EV 85.6 MPH)
|
|
Batting: LHB Tony Cisneros
|
0-0: Called Strike 0-1: Ball 1-1: Ball 2-1: SINGLE (Line Drive, 34D, EV 100.6 MPH)
|
|
Pinch Hitting: RHB Ray Travis
|
0-0: Foul Ball, location: 2F 0-1: Ball Tony Cisneros is caught stealing 2nd base 2-4 1-1: Called Strike 1-2: Ball 2-2: Fly out, F9 (Line Drive, 9S, EV 100.6 MPH)
|
| Bottom of the 7th over - 0 runs, 1 hit, 0 errors, 0 left on base; Oakland 3 - Amarillo 2 |
| TOP OF THE 8TH |
|
Oakland Oaks batting - Pitching for Amarillo ThunderHeads : RHP Trent Murdock
|
|
Now in RF: Jose Ramirez
|
|
|
Batting: LHB Justin LeFlore
|
0-0: Ball 1-0: Ball 2-0: Called Strike 2-1: Swinging Strike 2-2: Strikes out swinging
|
|
Batting: SHB Chris King
|
0-0: Called Strike 0-1: Called Strike 0-2: Strikes out looking
|
|
Batting: RHB Moises Guzman
|
0-0: Called Strike 0-1: Swinging Strike 0-2: Ball 1-2: Ball 2-2: Strikes out swinging
|
| Top of the 8th over - 0 runs, 0 hits, 0 errors, 0 left on base; Oakland 3 - Amarillo 2 |
| BOTTOM OF THE 8TH |
|
Amarillo ThunderHeads batting - Pitching for Oakland Oaks : LHP Elias Pena
|
|
Batting: RHB Eric Camillo
|
0-0: Fly out, F8 (Flyball, 8RM, EV 90.6 MPH)
|
|
Batting: LHB Thie Hofmann
|
0-0: Foul Ball, location: 2F 0-1: Called Strike 0-2: Ball 1-2: Foul Ball, location: 2F 1-2: Ball 2-2: Foul Ball, location: 2F 2-2: Reached on error, E4 (Groundball, 4, EV 85.0 MPH)
|
|
Batting: RHB Shi-fu Cuan
|
0-0: Foul Ball, location: 2F 0-1: Ball 1-1: Ball 2-1: 2-RUN HOME RUN (Flyball, 7D, EV 98.1 MPH), Distance : 370 ft
|
|
Batting: RHB Jorge Balderama
|
0-0: Ball 1-0: Ball 2-0: Foul Ball, location: 2F 2-1: Foul Ball, location: 2F 2-2: Ball 3-2: SINGLE (Line Drive, 6D, EV 99.4 MPH)
|
|
Pitching: LHP Artemio Millares
|
|
|
Batting: RHB Jerry Olson
|
0-0: Grounds into double play, 5-4-3 (Groundball, 5S, EV 81.9 MPH)
|
| Bottom of the 8th over - 2 runs, 2 hits, 1 error, 0 left on base; Oakland 3 - Amarillo 4 |
| TOP OF THE 9TH |
|
Oakland Oaks batting - Pitching for Amarillo ThunderHeads : RHP Trent Murdock
|
|
Pitching: RHP Neil Coutee
|
|
|
Pinch Hitting: RHB Kasey Sands
|
0-0: SINGLE (Line Drive, 89S, EV 105.0 MPH)
|
|
Batting: RHB Ernie McLean
|
0-0: Called Strike 0-1: Fly out, F8 (Flyball, 78M, EV 93.1 MPH)
|
|
Batting: RHB Jack Stadner
|
0-0: Ball 1-0: Ball 2-0: Foul Ball, location: 2F 2-1: Ball 3-1: Base on Balls Kasey Sands to second
|
|
Batting: LHB Justin Conley
|
0-0: Foul Ball, location: 2F 0-1: Ball 1-1: Ball 2-1: Foul Ball, location: 2F 2-2: Ball 3-2: Fly out, F8 (Flyball, 8LM, EV 95.0 MPH)
|
|
Pinch Hitting: RHB Ricky Furst
|
0-0: Ball 1-0: Foul Ball, location: 2F 1-1: Foul Ball, location: 2F 1-2: Fielders Choice at 2nd, 5-4 (Groundball, 56, EV 84.4 MPH)
|
| Top of the 9th over - 0 runs, 1 hit, 0 errors, 2 left on base; Oakland 3 - Amarillo 4 |
|